 Dungeon Crawl Stone Soup version 0.30-a0-168-g0b976cbdc4 (webtiles) character file.

Game seed: 15589898808911851048

121 qw the Chopper (level 5, -1/32 HPs)
             Began as a Gargoyle Fighter on Sept 29, 2022.
             Slain by a gnoll
             ... wielding a +0 halberd
              (8 damage)
             ... on level 3 of the Dungeon.
             The game lasted 00:00:47 (2356 turns).

qw the Chopper (Gargoyle Fighter)                   Turns: 2356, Time: 00:00:47

Health: -1/32      AC: 13    Str: 21    XL:     5   Next: 5%
Magic:  5/5        EV:  7    Int:  9    God:
Gold:   97         SH:  4    Dex:  9    Spells: 4/4 levels left

rFire   . . .      SeeInvis .    Y - +0 war axe
rCold   . . .      Faith    .    c - +0 buckler
rNeg    + . .      Spirit   .    e - +0 chain mail
rPois   inf        Reflect  .    (no helmet)
rElec   +          Harm     .    (no cloak)
rCorr   .          Rampage  .    (no gloves)
Will    .....                    (no boots)
Stlth   ..........               (no amulet)
HPRegen 0.10/turn                (no ring)
MPRegen 0.09/turn                (no ring)

@: no status effects
A: sickness immunity, AC +4, negative energy resistance 1, electricity
resistance, torment resistance 1, petrification resistance
a: no special abilities


You were on level 3 of the Dungeon.
You visited 1 branch of the dungeon, and saw 3 of its levels.

You collected 97 gold pieces.


Innate Abilities, Weirdness & Mutations

You are immune to sickness and miasma.
Your stone body is resilient. (AC +4)
You are immune to poison.
You resist negative energy. (rN+)
You are resistant to electric shocks. (rElec)
You are resistant to unholy torment.
You are immune to petrification.


   Skills:
 - Level 3.2 Fighting
 + Level 4.6 Axes
 - Level 3.2 Armour
 - Level 3.2 Shields


You had 4 spell levels left.
You didn't know any spells.
Your spell library was empty.

Inventory:

Hand Weapons
 j - a +0 whip
 Y - a +0 war axe (weapon)
Missiles
 a - 4 boomerangs (quivered)
Armour
 c - a +0 buckler (worn)
 e - a +0 chain mail (worn)
Scrolls
 b - a scroll of fear {unknown}
Potions
 d - a potion of might
 f - a potion of haste {unknown}

Dungeon Overview and Level Annotations

Branches:
Dungeon (3/15)

Altars:


Message History

You throw a boomerang.
The boomerang closely misses the kobold.
The kobold throws a poisoned dart.
The poisoned dart hits you!
Throw: 4 boomerangs
Press: ? - help, Q - select action Shift-Dir - straight line, f/p - kobold You throw a boomerang.
The boomerang hits the kobold.
The kobold is severely wounded.
Throw: 4 boomerangs
Press: ? - help, Q - select action Shift-Dir - straight line, f/p - kobold You throw a boomerang.
The boomerang hits the kobold.
You kill the kobold!
You start resting.
HP restored.
You see here an iguana corpse.
A gnoll comes into view. It is wielding a +0 halberd.
The gnoll shouts!
You hear a shout!
A gnoll comes into view. It is wielding a +0 spear.
A gnoll comes into view. It is wielding a +0 halberd.
A gnoll comes into view. It is wielding a +0 whip.
The gnoll shouts! x2
The gnoll hits you but does no damage.
The gnoll hits you from afar with a +0 spear.
You closely miss the gnoll. The gnoll hits you with a +0 halberd.
You block the gnoll's attack.
You barely miss the gnoll. The gnoll barely misses you.
The gnoll hits you but does no damage. The gnoll hits you with a +0 halberd.
The gnoll barely misses you.
You slash the gnoll!
The gnoll is heavily wounded.
The gnoll hits you with a +0 halberd.
The gnoll hits you from afar with a +0 spear.
You hit the gnoll.
The gnoll is severely wounded.
You block the gnoll's attack. The gnoll completely misses you.
You hit the gnoll.
The gnoll is almost dead.
The gnoll hits you with a +0 halberd.
The gnoll hits you from afar with a +0 spear.
The gnoll hits you with a +0 halberd!
You die...

...#.#.##.#
#..#...##.# # #
#..#..##..# ##
.#.##..#..#...####.
.........).....%.'.
#......)..####.
##.##%##.## ##
#..#######.#......#
#
#.gggg@....#......#
#
#.##########......#
# #####.## # #.# #
#.# # ####.######
#........##
#.##.###.##
#.##.###.##


You could see 4 gnolls.

Vanquished Creatures
  An iguana (D:3)
  4 adders
  A worm (D:2)
  A dart slug (D:1)
  An orc (D:3)
  7 endoplasms
  2 giant cockroaches
  4 goblins
  4 hobgoblins
  3 jackals (D:1)
  A quokka (D:1)
  3 ball pythons
  7 bats
  A frilled lizard (D:1)
  5 kobolds
  7 rats
52 creatures vanquished.

Notes
Turn   | Place    | Note
-------+----------+-------------------------------------------
     0 | D:1      | qw the Gargoyle Fighter began the quest for the Orb.
     0 | D:1      | Reached XP level 1. HP: 14/14 MP: 1/1
     0 | D:1      | 0 ||| qw: Version: 0.2-a-12-gaebbb33
     0 | D:1      | 0 ||| qw: Game counter: 1122
     0 | D:1      | 0 ||| qw: Always use a shield: true
     0 | D:1      | 0 ||| qw: God list: Okawaru
     0 | D:1      | 0 ||| qw: Allow faded altars: false
     0 | D:1      | 0 ||| qw: Do Orc after D:15 true
     0 | D:1      | 0 ||| qw: Do second Lair branch before Depths: true
     0 | D:1      | 0 ||| qw: Lair rune preference: random
     0 | D:1      | 0 ||| qw: Plans: Normal, Zot:1-4, God:TSO, Crypt, Tomb,
                  | Pan, Slime:5, Hells, Abyss, Orb
     0 | D:1      | 0 ||| PLANNING D:1-11
    52 | D:1      | Reached skill level 2 in Axes
    88 | D:1      | 88 ||| Stepping ~*~*~tactically~*~*~ (stealth).
   138 | D:1      | Reached XP level 2. HP: 19/19 MP: 2/2
   334 | D:1      | 334 ||| Stepping ~*~*~tactically~*~*~ (stealth).
   335 | D:1      | 335 ||| Stepping ~*~*~tactically~*~*~ (stealth).
   350 | D:1      | Reached skill level 3 in Axes
   351 | D:1      | Reached XP level 3. HP: 17/23 MP: 3/3
   499 | D:1      | Found a faded altar of an unknown god.
   530 | D:1      | 530 ||| DROPPING +0 club.
   982 | D:1      | 982 ||| READING scroll labelled NEMADO RIBRE.
   983 | D:1      | 983 ||| READING scroll labelled SOPNAAT CENANGIC.
  1084 | D:1      | 1084 ||| READING scroll labelled AMPOMO NUSTRUL.
  1085 | D:1      | 1085 ||| READING scroll labelled TUENLE FERR.
  1279 | D:2      | Reached XP level 4. HP: 28/28 MP: 4/4
  1315 | D:2      | 1315 ||| Stepping ~*~*~tactically~*~*~ (stealth).
  1569 | D:2      | Reached skill level 4 in Axes
  1879 | D:2      | 1879 ||| UPGRADING to +0 chain mail.
  1889 | D:2      | 1889 ||| DROPPING +0 scale mail.
  1890 | D:2      | 1890 ||| READING 2 scrolls labelled ORRATIE SOCE.
  1891 | D:2      | 1891 ||| READING scroll labelled DELOID ZEESOAW.
  1892 | D:2      | 1892 ||| READING scroll labelled GEQOEQADWI.
  1893 | D:2      | 1893 ||| DROPPING scroll of noise.
  2145 | D:3      | 2145 ||| Stepping ~*~*~tactically~*~*~ (stealth).
  2151 | D:3      | 2151 ||| Stepping ~*~*~tactically~*~*~ (stealth).
  2153 | D:3      | Reached XP level 5. HP: 12/32 MP: 5/5
  2356 | D:3      | HP: 7/32 [gnoll/+0 spear (6)]
  2356 | D:3      | Slain by a gnoll

Levels and vault maps discovered:
D:1:      heliophobic_arrival_ceremonial_halls, layout_loops_ring,
          chequers_ecumenical_altar_island, minmay_heptomino_h4
D:2:      layout_basic, hex_intersection, chequers_serial_rivers_small_b
D:3:      layout_loops_corners, nicolae_yredelemnul_corpse_copse,
          corexii_hall_statues_deadend

Skill      XL: |  1  2  3  4 |
---------------+-------------+-----
Axes           | 2 3 4 |  4.6
Fighting       | |  3.2
Armour         | |  3.2
Shields        | |  3.2

Action                   |  1- 3 |  4- 6 || total
-------------------------+-------+-------++-------
Melee: War axe           |   109 |    44 ||   153
Throw: Boomerang         |       |    17 ||    17
  Use: Scroll            |     4 |     3 ||     7
Armor: Scale mail        |    69 |       ||    69
       Chain mail        |       |    25 ||    25
Dodge: Dodged            |    54 |    17 ||    71
Block: Buckler           |    30 |     7 ||    37

Table legend:
 A = Non-vault XP
 B = Vault XP
 C = Vault XP percentage of total XP
 D = Non-vault monster count
 E = Vault monster count
 F = Vault count percentage of total count
                 A         B        C        D         E       F
            +---------+---------+-------+---------+---------+-------
      Total |     165 |       9 |   5.2 |      47 |       5 |   9.6
            +---------+---------+-------+---------+---------+-------
        D:1 |      49 |       9 |  15.5 |      29 |       5 |  14.7
        D:2 |      45 |       0 |   0.0 |      11 |       0 |   0.0
        D:3 |      71 |       0 |   0.0 |       7 |       0 |   0.0
            +---------+---------+-------+---------+---------+-------
